 Dungeon Crawl Stone Soup version 0.29.1-15-g9cfb28693d (webtiles) character file.

Game seed: 5417419386885302492

672 adizb the Cutter (level 7, -3/44 HPs)
             Began as a Tengu Fighter on Apr 19, 2023.
             Was an Initiate of Dithmenos.
             Slain by a gnoll
             ... wielding a +0 halberd
              (7 damage)
             ... on level 4 of the Dungeon.
             The game lasted 00:20:08 (3443 turns).

adizb the Cutter (Tengu Fighter)                    Turns: 3443, Time: 00:20:09

Health: -3/44      AC:  6    Str: 15    XL:     7   Next: 59%
Magic:  8/8        EV: 17    Int: 12    God:    Dithmenos [......]
Gold:   187        SH:  6    Dex: 15    Spells: 6/6 levels left

rFire   + . .      SeeInvis .   a - +1 rapier
rCold   + . .      Faith    .   h - +1 buckler {rC+}
rNeg    + . .      Spirit   .   w - +1 ring mail {rF+}
rPois   .          Reflect  .   (helmet restricted)
rElec   .          Harm     .   (no cloak)
rCorr   .          Rampage  .   (no gloves)
Will    .....                   (boots unavailable)
Stlth   +.........              n - amulet of regeneration
HPRegen 0.94/turn               l - ring of positive energy
MPRegen 0.11/turn               k - +4 ring of evasion

@: flying quickly and evasively, quick
A: beak, talons 3, nimble flight, clever 1
a: Renounce Religion


You were on level 4 of the Dungeon.
You worshipped Dithmenos.
Dithmenos was noncommittal.
You visited 2 branches of the dungeon, and saw 5 of its levels.
You also visited: Ossuary.

You collected 220 gold pieces.
You spent 33 gold pieces at shops.

Inventory:

Hand Weapons
 a - a +1 rapier (weapon)
Armour
 h - a +1 buckler of cold resistance (worn)
 w - a +1 ring mail of fire resistance (worn)
Jewellery
 k - a +4 ring of evasion (right hand)
 l - a ring of positive energy (left hand)
 n - an amulet of regeneration (around neck)
 p - a +6 ring of strength
 s - a ring of protection from fire
Scrolls
 g - a scroll of summoning {unknown}
 i - 2 scrolls of blinking
 o - 4 scrolls of magic mapping
 r - 3 scrolls of teleportation
 t - a scroll of fog
Potions
 b - 4 potions of curing
 d - a potion of might
 e - a potion of invisibility {unknown}
 f - 4 potions of heal wounds
 m - 4 potions of brilliance
 u - a potion of lignification {unknown}
 x - 3 potions of flight {unknown}
 z - a potion of haste {unknown}
 A - 2 potions of berserk rage {unknown}


   Skills:
 * Level 5.1 Fighting
 * Level 5.3 Short Blades
 + Level 4.3 Armour
 + Level 3.0 Dodging
 + Level 1.3 Stealth
 + Level 4.1 Shields


You had 6 spell levels left.
You didn't know any spells.
Your spell library contained the following spells:

 Spells                   Type           Power      Damage    Failure   Level
 Static Discharge         Conj/Air       0%         3-3/arc   77%         2
 Lightning Bolt           Conj/Air       0%         1d11      100%        5
 Maxwell's Capacitive Co  Air            0%         ∞         100%        8


Dungeon Overview and Level Annotations

Branches:
Dungeon (4/15)             Temple (1/1) D:4         Ossuary (visited)

Altars:
Ashenzari
Cheibriados
Dithmenos
Fedhas
Hepliaklqana
Kikubaaqudgha
Makhleb
Nemelex Xobeh
Okawaru
Qazlal
Ru
Sif Muna
Trog
Uskayaw
Vehumet
Xom
Zin
The Shining One

Shops:
D:1 :   D:3 *   D:4 *


Innate Abilities, Weirdness & Mutations

You have a beak for a mouth.
You have claws for feet.
Your magical nature lets you fly swiftly and evasively.
Your mind is acute. (Int +4, Str/Dex -1)


Message History

You hit the gnoll. You claw the gnoll.
The gnoll is almost dead.
The gnoll closely misses you.
You hit the gnoll. You claw the gnoll.
You kill the gnoll!
Dithmenos accepts your kill.
A gnoll comes into view. It is wielding a +0 halberd.
Your Dodging skill increases to level 3!
The gnoll shouts!
You see here a +0 spear.
A gnoll comes into view. It is wielding a +0 spear.
The gnoll shouts!
The gnoll hits you with a +0 halberd!
You closely miss the gnoll. You peck the gnoll, but do no damage.
The gnoll hits you with a +0 halberd!
You barely miss the gnoll. Your kick misses the gnoll.
Your peck misses the gnoll. You block the gnoll's attack.
The gnoll hits you from afar with a +0 spear.
You hit the gnoll.
The gnoll is moderately wounded.
The gnoll closely misses you. The gnoll misses you.
You closely miss the gnoll.
The gnoll is moderately wounded.
The gnoll misses you. You block the gnoll's attack.
You hit the gnoll. You peck the gnoll, but do no damage.
The gnoll is heavily wounded.
You block the gnoll's attack.
The gnoll hits you from afar with a +0 spear.
You hit the gnoll. Your kick misses the gnoll.
The gnoll is severely wounded.
The gnoll hits you with a +0 halberd!
* * * LOW HITPOINT WARNING * * *
The gnoll closely misses you.
You closely miss the gnoll. Your kick misses the gnoll. You peck the gnoll.
The gnoll is severely wounded.
The gnoll completely misses you.
The gnoll hits you from afar with a +0 spear!
* * * LOW HITPOINT WARNING * * *
The gnoll hits you from afar with a +0 halberd!
You die...

####.......###..####.#
##.....#...## #. #..
#..#.####..# #. #..
###.## #..# #..###.. #
##.# #..## #......# #.
#.## #...###...##..#
#.###.### ##........#
##.#
#...##..###..#####..#
##. #....)@#...# #...#
#. ##..###.g..#
#....####. #.#.#
#....###......##.
##.## #g....#...
#..... ##
#.##.......###.### #..
#..##....#.## ...#
#.## .###..# g... .# #
##.# ...#.
####.###..####


You could see 2 gnolls.

Vanquished Creatures
  An ogre (D:4)
  A necrophage (D:4)
  3 centaur zombies (Ossuary)
  An orc priest (D:3)
  A jelly (D:4)
  2 human zombies (Ossuary)
  2 hounds
  An iguana (D:4)
  2 mummies (Ossuary)
  5 gnolls (D:4)
  5 adders
  An adder zombie (Ossuary)
  A worm (D:3)
  6 dart slugs
  3 orcs (D:3)
  3 endoplasms
  A giant cockroach (D:2)
  9 goblins
  6 hobgoblins
  4 jackals
  3 kobolds (D:1)
  5 quokkas
  9 ball pythons
  2 bats
  2 frilled lizards
  A goblin zombie (D:4)
  12 hobgoblin zombies (Ossuary)
  7 kobold zombies (Ossuary)
  10 orc zombies (Ossuary)
  6 rats
  2 rat zombies
117 creatures vanquished.

Notes
Turn   | Place    | Note
-------+----------+-------------------------------------------
     0 | D:1      | adizb the Tengu Fighter began the quest for the Orb.
     0 | D:1      | Reached XP level 1. HP: 14/14 MP: 2/2
   133 | D:1      | Reached XP level 2. HP: 11/19 MP: 3/3
   532 | D:1      | Found a faded altar of an unknown god.
   542 | D:1      | Found Wotuh's Book Emporium.
   854 | D:2      | Reached skill level 1 in Dodging
   887 | D:2      | Found a shimmering altar of Xom.
   911 | D:2      | Reached XP level 3. HP: 23/23 MP: 4/4
  1492 | D:3      | Reached XP level 4. HP: 28/28 MP: 5/5
  1626 | D:3      | Gained mutation: Your magical nature lets you fly swiftly
                  | and evasively. [Tengu growth]
  1626 | D:3      | Reached XP level 5. HP: 33/33 MP: 6/6
  1748 | D:3      | Found Kextiage's Assorted Antiques.
  2192 | D:4      | Noticed an ogre
  2201 | D:4      | Killed an ogre
  2202 | D:4      | Reached XP level 6. HP: 38/38 MP: 7/7
  2364 | D:4      | Found a sand-covered staircase.
  2382 | Ossuary  | Entered an ossuary
  2497 | Ossuary  | Reached XP level 7. HP: 43/44 MP: 8/8
  2526 | Ossuary  | Reached skill level 5 in Short Blades
  2526 | Ossuary  | Reached skill level 1 in Stealth
  2650 | D:4      | Identified a scroll of acquirement
  2650 | D:4      | Acquired a +0 buckler of cold resistance
  2764 | D:4      | Reached skill level 5 in Fighting
  2867 | D:4      | Found a staircase to the Ecumenical Temple.
  2877 | Temple   | Entered the Ecumenical Temple
  3025 | Temple   | Became a worshipper of Dithmenos the Shadowed
  3165 | D:4      | Found Muwemem's CLEARANCE SALE!.
  3173 | D:4      | Bought a potion of mutation for 24 gold pieces
  3173 | D:4      | Bought a potion of curing for 9 gold pieces
  3173 | D:4      | Gained mutation: You sometimes lose your temper in combat.
                  | [potion of mutation]
  3174 | D:4      | Lost mutation: You sometimes lose your temper in combat.
                  | [potion of mutation]
  3174 | D:4      | Gained mutation: Your mind is acute. (Int +4, Str/Dex -1)
                  | [potion of mutation]
  3443 | D:4      | Slain by a gnoll

Illustrated notes

Levels and vault maps discovered:
D:1:      minmay_arrival_radiant_lines, layout_basic,
          chequers_ecumenical_altar_simple_redux, serial_shops,
          nicolae_shop_trees, minmay_pentomino_s4
D:2:      layout_loops_ring, basic_altar
D:3:      layout_basic, serial_shops, shop, minmay_bisected
D:4:      layout_layer_cave, minmay_temple_entry_wispy, enter_ossuary_4,
          nicolae_shop_clearance
Temple:   dpeg_five_rooms_temple

Skill      XL: |  1  2  3  4  5  6  7 |
---------------+----------------------+-----
Short Blades   | 3 4 5 |  5.3
Dodging        | 1 2 3 |  3.0
Fighting       | 4 5 |  5.1
Armour         | 4 |  4.3
Stealth        | 1 |  1.3
Shields        | 4 |  4.1

Action                   |  1- 3 |  4- 6 |  7- 9 || total
-------------------------+-------+-------+-------++-------
Melee: Rapier            |    62 |   155 |   122 ||   339
       Kick              |    11 |    70 |    41 ||   122
       Peck              |    12 |    27 |    31 ||    70
  Use: Scroll            |     3 |     2 |     7 ||    12
       Potion            |       |       |     3 ||     3
 Stab: Sleeping          |       |       |     1 ||     1
Armor: Scale mail        |     4 |       |       ||     4
       Plate armour      |    22 |    10 |       ||    32
       Ring mail         |       |    23 |    23 ||    46
Dodge: Dodged            |    15 |   100 |    92 ||   207
Block: Buckler           |     9 |    47 |    31 ||    87
